 Dungeon Crawl Stone Soup version 0.27-a0-498-g7ecbb0a48f (webtiles) character file.

Game seed: 13032028305004545135

361 Anon1729 the Bolt Thrower (level 6, -8/48 HPs)
             Began as a Mummy Hunter on Mar 2, 2021.
             Mangled by an orc
             ... wielding a +0 war axe
              (11 damage)
             ... on level 3 of the Dungeon.
             The game lasted 00:07:08 (3679 turns).

Anon1729 the Bolt Thrower (Mummy Hunter)            Turns: 3679, Time: 00:07:08

Health: -8/48      AC:  4    Str: 18    XL:     6   Next: 38%
Magic:  6/6        EV: 12    Int: 10    God:
Gold:   171        SH:  0    Dex: 12    Spells: 5/5 levels left

rFire    x . .     SeeInvis .   a - +1 hand crossbow
rCold    + . .     Faith    .   (no shield)
rNeg     + + +     Spirit   .   c - +0 leather armour
rPois    ∞         Reflect  .   (no helmet)
rElec    .         Harm     .   j - +0 cloak
rCorr    .         Rampage  .   (no gloves)
Will     .....                  (no boots)
Stlth    ++........             (no amulet)
HPRegen  0.16/turn              (no ring)
MPRegen  0.10/turn              (no ring)

@: no status effects
A: cold resistance 1, negative energy resistance 3, torment resistance,
unbreathing 1, heat vulnerability 1, no potions
a: no special abilities


You were on level 3 of the Dungeon.
You visited 1 branch of the dungeon, and saw 3 of its levels.
You also visited: Sewer.

You collected 171 gold pieces.

Inventory:

Hand Weapons
 a - a +1 hand crossbow (weapon)
 b - a +0 dagger of venom
 k - a +3 quarterstaff of chaos
Missiles
 d - 19 bolts (quivered ammo)
Armour
 c - a +0 leather armour (worn)
 j - a +0 cloak (worn)
Scrolls
 e - a scroll of magic mapping {unknown}
 f - a scroll of enchant armour {unknown}
 g - 2 scrolls of amnesia {unknown}
 h - 4 scrolls of teleportation {unknown}
 i - 3 scrolls of identify {unknown}
 l - a scroll of immolation {unknown}
 m - a scroll of blinking {unknown}
 n - a scroll of noise {unknown}
 o - 2 scrolls of enchant weapon {unknown}
 p - a scroll of random uselessness {unknown}


   Skills:
 + Level 3.7 Fighting
 + Level 4.2 Crossbows
 + Level 3.1 Dodging
 + Level 2.9 Stealth


You had 5 spell levels left.
You didn't know any spells.
Your spell library was empty.

Dungeon Overview and Level Annotations

Branches:
Dungeon (3/15)              Sewer (visited)

Altars:
Elyvilon
Gozag
Makhleb
Nemelex Xobeh
Qazlal


Innate Abilities, Weirdness & Mutations

You are immune to poison.
Your flesh is cold resistant. (rC+)
You are immune to negative energy. (rN+++)
You are immune to unholy pain and torment.
You can survive without breathing.
You are vulnerable to heat. (rF-)
You do not drink.


Message History

You shoot a bolt. Something hits you.
* * * LOW HITPOINT WARNING * * *
Something hits you.
* * * LOW HITPOINT WARNING * * *
Fire: 24 bolts
Press: ? - help, Q - select action Shift-Dir - straight line, f/p - orc
Aim: an orc, wielding a +0 war axe, wearing a +0 leather armour and quivering boomerangs (severely wounded, 65% to hit)
You shoot a bolt. The bolt closely misses the orc.
Something hits you.
* * * LOW HITPOINT WARNING * * *
Fire: 23 bolts
Press: ? - help, Q - select action Shift-Dir - straight line, f/p - orc
Aim: an orc, wielding a +0 war axe, wearing a +0 leather armour and quivering boomerangs (severely wounded, 65% to hit)
You shoot a bolt.
The bolt hits the orc but does no damage.
The orc is severely wounded.
The orc throws a boomerang.
The boomerang closely misses you. Something hits you but does no damage.
Fire: 22 bolts
Press: ? - help, Q - select action Shift-Dir - straight line, f/p - orc
Aim: an orc, wielding a +0 war axe, wearing a +0 leather armour and quivering boomerangs (severely wounded, 65% to hit)
You shoot a bolt. The orc throws a boomerang.
The boomerang barely misses you. Something hits you but does no damage.
Something hits you.
* * * LOW HITPOINT WARNING * * *
The orc throws a boomerang.
Reactivating autopickup.
You feel a bit more experienced.
Fire: 21 bolts
Press: ? - help, Q - select action Shift-Dir - straight line, f/p - orc
Aim: an orc, wielding a +0 war axe, wearing a +0 leather armour and quivering boomerangs (severely wounded, 65% to hit)
You shoot a bolt. The bolt closely misses the orc.
Fire: 20 bolts
Press: ? - help, Q - select action Shift-Dir - straight line, f/p - orc
Aim: an orc, wielding a +0 war axe, wearing a +0 leather armour and quivering boomerangs (severely wounded, 65% to hit)
You shoot a bolt. The bolt hits the orc.
The orc is severely wounded.
The orc hits you with a +0 war axe!
You die...

####### #.........#
#.# # ##(#..##.## #.#
#.##.#.###.# #.#
#...(....#.######.###
####.###.#...........
#### #(#
#.########.##. ##..##
#)# #.# #.##. #....#
#o# #.# #.##. #_.⌠.##
#@# #.# #.##.
#.....######.###.#
#....
##....#..........#
#####
#⌠...'...##.#####
##....###.##.#
#.....# #.##.#
#_.⌠.####.##.#
#....#....##.#
##..########.#


You could see an orc.

Vanquished Creatures
  Purgy (Sewer)
  Crazy Yiuf (D:2)
  An orc priest (D:3)
  3 orc wizards
  2 adders (D:2)
  4 worms
  4 dart slugs
  3 leopard geckos
  8 orcs
  6 bats
  2 giant cockroaches
  12 goblins
  9 hobgoblins
  2 jackals (Sewer)
  2 quokkas
  2 ball pythons
  A frilled lizard (D:2)
  7 kobolds
  4 rats
74 creatures vanquished.

Vanquished Creatures (others)
  An orc wizard (D:3)
1 creature vanquished.

Grand Total: 75 creatures vanquished

Notes
Turn   | Place    | Note
-------+----------+-------------------------------------------
     0 | D:1      | Anon1729 the Mummy Hunter began the quest for the Orb.
     0 | D:1      | Reached XP level 1. HP: 16/16 MP: 1/1
   239 | D:1      | Reached skill level 1 in Stealth
   258 | D:1      | Reached XP level 2. HP: 22/22 MP: 2/2
   981 | D:2      | Reached XP level 3. HP: 28/28 MP: 3/3
  1740 | D:2      | Found a sparkling altar of Nemelex Xobeh.
  1988 | D:2      | Found a runed translucent door.
  1994 | D:2      | Noticed Crazy Yiuf
  2001 | D:2      | Reached XP level 4. HP: 34/34 MP: 4/4
  2290 | D:2      | Killed Crazy Yiuf
  2432 | D:3      | Found a white marble altar of Elyvilon.
  2487 | D:2      | Reached XP level 5. HP: 15/41 MP: 5/5
  2541 | D:3      | Found a glowing drain.
  2682 | Sewer    | Entered a sewer
  2746 | Sewer    | Noticed Purgy
  2754 | Sewer    | Killed Purgy
  2755 | Sewer    | Reached skill level 4 in Crossbows
  2908 | D:3      | Reached XP level 6. HP: 14/47 MP: 6/6
  3236 | D:3      | Found an opulent altar of Gozag.
  3594 | D:3      | Found a stormy altar of Qazlal.
  3594 | D:3      | Found a burning altar of Makhleb.
  3679 | D:3      | Mangled by an orc

Illustrated notes

Levels and vault maps discovered:
D:1:      wander_arrival_chamber, layout_basic, serial_rivers,
          chequers_serial_rivers_marsh, chequers_serial_rivers_marsh,
          chequers_serial_rivers_small_b, chequers_serial_rivers_large_b,
          chequers_serial_rivers_micro_c, chequers_serial_rivers_large_a,
          nrook_loot_triangle
D:2:      layout_basic, nemelex_xobeh_ov_fountains_minmay,
          uniq_crazy_yiuf_cottage
D:3:      layout_basic, old_standard_altar, gammafunk_temple_overflow_pools,
          cheibrodos_sewer_entry_drain, elyvilon_altar_5

Skill      XL: |  1  2  3  4  5  6 |
---------------+-------------------+-----
Stealth        | 1 2 |  2.9
Dodging        | 2 3 |  3.1
Fighting       | 3 |  3.7
Crossbows      | 4 |  4.2

Action                   |  1- 3 |  4- 6 || total
-------------------------+-------+-------++-------
Melee: Short sword       |    23 |       ||    23
       Dagger            |    58 |    17 ||    75
       Quarterstaff      |       |    35 ||    35
 Fire: Hand crossbow     |    22 |    67 ||    89
 Stab: Sleeping          |     1 |       ||     1
Armor: Leather armour    |    22 |    40 ||    62
Dodge: Dodged            |    60 |    63 ||   123

Table legend: (Time is in decaauts)
 A = Elapsed time spent in this place.
 B = Non-inter-level travel time spent in this place.
 C = Inter-level travel time spent in this place.
 D = Time resting spent in this place.
 E = Time spent auto-exploring this place.
 F = Levels seen in this place.
 G = Mean time per level.
                   A        B        C        D        E       F      G
               +--------+--------+--------+--------+--------+-----+--------+
         Total |   3777 |   3598 |    179 |    426 |   2525 |   4 |  944.2 |
       Dungeon |   3629 |   3450 |    179 |    426 |   2419 |   3 | 1209.7 |
         Sewer |    148 |    148 |      0 |      0 |    106 |   1 |  148.0 |
               +--------+--------+--------+--------+--------+-----+--------+

Top non-repeatable levels by time:
     D:2: 1486 daAuts
     D:3: 1077 daAuts
     D:1: 1065 daAuts
   Sewer: 148 daAuts
